cohdb
Replays
Latest Replays
All Replays
Popular Replays
Top Player Replays
Match Explorer
How It Works
Community
CoH3 Stats
Reddit
Sign in to upload your games and track your stats! →
Sign in with Steam
Match 41524283
Unlisted
Match 41524283
Overview
Messages
Build Orders
End
Construct Barracks
Selects Special Operations Battlegroup
Selects M29 Weasel Recon Vehicle
M29 Weasel Recon Vehicle
Riflemen Squad
Riflemen Squad
Riflemen Squad
Grenade Package
Infantry Support Center
M1918 Browning Automatic Rifles
Engineer Squad
Construct Motor Pool
Selects P-47 Anti-Infantry Loiter
Selects UNKNOWN (2162291)
M1 Anti-tank Gun Team
Riflemen Squad
M1 Anti-tank Gun Team
Construct Medical Station
Selects Raiding Flares
Advanced Logistics
Riflemen Squad
P-47 Anti-Infantry Loiter
Selects SSF Commando Squad
Survival Training
Construct Tank Depot
Selects Air Re-supply Operation
Engineer Squad
M4A1 Sherman Whizbang
P-47 Anti-Infantry Loiter
M18 Hellcat Tank Destroyer
Engineer Squad
M4(105) Sherman Bulldozer
P-47 Anti-Infantry Loiter
M18 Hellcat Tank Destroyer
Engineer Squad
PJIP
Angry Android
6block
MrStealYourHitler
burchbeer92
Biggus dickus
Alân
General_Zaad
0
0
Comments
sign in to comment!
No comments posted yet!